 Dungeon Crawl Stone Soup version 0.18-a0-1035-g72c9994 (webtiles) character file.

4127 tof the Fighter (level 10, 4/91 HPs)
             Began as a Hill Orc Fighter on Jan 9, 2016.
             Was a Priest of Beogh.
             Quit the game on level 9 of the Dungeon.
             The game lasted 00:29:10 (8454 turns).

tof the Fighter (Hill Orc Fighter)                  Turns: 8454, Time: 00:29:10

Health: 4/91       AC: 27    Str: 29    XL:     10   Next: 27%
Magic:  10/10      EV:  7    Int:  8    God:    Beogh [***...]
Gold:   259        SH: 13    Dex: 13    Spells: 0 memorised, 9 levels left

rFire  . . .     SeeInvis .     a - +1 flail
rCold  + . .     Gourm    .     H - +3 plate armour {rC+}
rNeg   . . .     Faith    +     c - +0 shield
rPois  .         Spirit   .     o - +1 helmet
rElec  .         Dismiss  .     l - +0 cloak
rCorr  .         Reflect  .     J - +2 pair of gloves
SustAt .         Harm     .     k - +0 pair of boots
MR     .....                    D - amulet of faith
Stlth  ..........               i - ring of flight
                                r - +4 ring of strength

@: mighty, lethally poisoned (4 -> -74), very slightly contaminated, hasted and
slowed, not resistant to hostile enchantments, extremely unstealthy
A: no striking features
a: Smiting, Renounce Religion, Evoke Flight


You were on level 9 of the Dungeon.
You worshipped Beogh.
Beogh was most pleased with you.
You were not hungry.

You visited 1 branch of the dungeon, and saw 10 of its levels.

You collected 259 gold pieces.

Inventory:

Hand Weapons
 a - a +1 flail (weapon)
 n - a +0 flail of holy wrath
Armour
 c - a +0 shield (worn)
 k - a +0 pair of boots (worn)
 l - a +0 cloak (worn)
 o - a +1 helmet (worn)
 q - a +0 helmet
 H - a +3 plate armour of cold resistance (worn)
 J - a +2 pair of gloves (worn)
Jewellery
 b - an uncursed amulet of regeneration
 h - an uncursed amulet of rage
 i - a ring of flight (right hand)
 p - an uncursed ring of magical power
 r - a +4 ring of strength (left hand)
 D - an amulet of faith (around neck)
Wands
 y - a wand of flame (39/48)
 G - a wand of fire (12/15)
Scrolls
 e - 6 scrolls of identify
 m - 3 scrolls of remove curse
 t - a scroll of recharging
 u - a scroll of magic mapping
 E - 3 scrolls of immolation
Potions
 d - a potion of might
 j - 2 potions of magic {unknown}
 s - a potion of cancellation {unknown}
 v - a potion of degeneration {unknown}
 x - a potion of mutation {unknown}
 z - a potion of lignification {unknown}
 F - a potion of heal wounds {unknown}
Books
 C - a book of Burglary

   Spells                             Type                      Level
   a - Swiftness                      Charms/Air                   2
   b - Passwall                       Transmutation/Earth          3
   c - Passage of Golubria            Translocation                4
   d - Lee's Rapid Deconstruction     Earth                        5
   e - Darkness                       Hexes                        6
   f - Invisibility                   Hexes                        6
 I - a book of Enchantments

   Spells                             Type                      Level
   a - Cause Fear                     Hexes                        4
   b - Yara's Violent Unravelling     Hexes/Transmutation          5
   c - Silence                        Hexes/Air                    5
   d - Deflect Missiles               Charms/Air                   6
   e - Haste                          Charms                       6
   f - Discord                        Hexes                        8
Comestibles
 w - 2 meat rations
 A - 3 bread rations
 B - 6 beef jerkies


   Skills:
 + Level 9.5 Fighting
 + Level 8.2 Maces & Flails
 + Level 8.3 Armour
 - Level 1.2 Dodging
 + Level 8.8 Shields


You had 9 spell levels left.
You didn't know any spells.

Dungeon Overview and Level Annotations

Branches:
Dungeon (10/15)            Temple (0/1) D:5
   Lair: D:8-11         Orc: D:9-12

Altars:
Ashenzari
Dithmenos

Annotations:
D:4 Sagrath01's ghost, amateur DsGl
D:6 cireshan's ghost, novice OpVM
D:9 Sonja


Message History

You feel very sick.
Sonja hits you with an uncursed short sword of venom.
* * * LOW HITPOINT WARNING * * *
You are more poisoned.
You block Sonja's attack. Sonja hits you but does no damage.
You are more poisoned.
You block the yak's attack.
You closely miss Sonja.
* * * LOW HITPOINT WARNING * * *
You feel very sick. You block Sonja's attack.
Sonja hits you but does no damage.
You are more poisoned.
You block Sonja's attack. The yak gores you but does no damage.
Sonja hits you but does no damage.
You are more poisoned.
Sonja hits you but does no damage.
You are more poisoned.
Sonja hits you but does no damage.
You are more poisoned.
Are you sure you want to abandon this character and quit the game? (Confirm with "yes".)

#.# ##...#
##.########.....
#.......##......
###....##.#.......
#.........'.......
#.#....##.#.......
#.#(#.###.##......
#K#.#.# #.###.....
#@#...###.# ##...#
#Y#.......# ##...
#Y##.####.# #.##
#.........# #.##
####.###### ##.##
#.#...## ##...#
#..###.###.....
##.## ##.###....
#..######.##....


You could see 2 yaks and Sonja.

Vanquished Creatures
  The ghost of George the Carver, a novice DsGl of Okawaru (D:8)
  Pikel (D:5)
  A hippogriff (D:8)
  A hungry ghost (D:7)
  Duvessa (D:5)
  2 orc warriors (D:8)
  3 sky beasts
  2 wasps
  2 centaurs
  An ogre (D:7)
  3 big kobolds
  3 giant frogs
  Dowan (D:5)
  2 scorpions (D:9)
  6 killer bees (D:8)
  2 electric eels (D:9)
  3 jellies
  3 crimson imps
  A quasit (D:10)
  3 orc priests
  A centaur skeleton (D:10)
  A gnoll shaman (D:8)
  A hound (D:7)
  4 orc wizards
  A giant frog skeleton (D:8)
  5 worker ants
  A killer bee zombie (D:9)
  2 hound skeletons
  A worker ant zombie (D:3)
  8 adders
  7 gnolls
  3 shadow imps
  An ooze (D:3)
  An adder skeleton (D:8)
  A worm (D:3)
  3 giant geckos
  32 orcs
  3 ball pythons
  8 giant cockroaches
  4 goblins
  5 hobgoblins
  2 jackals (D:2)
  12 kobolds
  3 quokkas
  7 bats
  6 giant newts
  A quokka skeleton (D:7)
  6 rats
172 creatures vanquished.

Vanquished Creatures (others)
  3 orcs (D:3)
  A bat (D:3)
4 creatures vanquished.

Grand Total: 176 creatures vanquished

Notes
Turn   | Place    | Note
--------------------------------------------------------------
     0 | D:1      | tof the Hill Orc Fighter began the quest for the Orb.
     0 | D:1      | Reached XP level 1. HP: 19/19 MP: 1/1
   111 | D:1      | Reached XP level 2. HP: 18/27 MP: 2/2
   309 | D:1      | Found a shattered altar of Ashenzari.
   580 | D:1      | Reached skill level 4 in Fighting
   745 | D:2      | Reached XP level 3. HP: 33/33 MP: 3/3
  1327 | D:2      | Reached skill level 1 in Dodging
  1364 | D:2      | Reached XP level 4. HP: 35/40 MP: 4/4
  2076 | D:3      | Became a worshipper of Beogh the Brigand
  2190 | D:3      | Reached XP level 5. HP: 37/47 MP: 5/5
  2572 | D:4      | Noticed Sagrath01's ghost (amateur DsGl)
  2594 | D:5      | Entered Level 5 of the Dungeon
  2594 | D:5      | Noticed a centaur
  2604 | D:5      | Killed a centaur
  2604 | D:5      | Reached skill level 5 in Fighting
  2604 | D:5      | Reached XP level 6. HP: 36/56 MP: 6/6
  2768 | D:5      | Found a staircase to the Ecumenical Temple.
  2916 | D:5      | Noticed a slave
  2916 | D:5      | Noticed a slave
  2920 | D:5      | Noticed Pikel
  2922 | D:5      | Noticed a slave
  2927 | D:5      | Noticed a slave
  2949 | D:5      | Killed Pikel
  2949 | D:5      | Reached skill level 6 in Fighting
  2949 | D:5      | Reached skill level 5 in Armour
  2949 | D:5      | Reached skill level 5 in Shields
  2949 | D:5      | Reached XP level 7. HP: 46/63 MP: 7/7
  3095 | D:5      | Found a shadowy altar of Dithmenos.
  3373 | D:5      | Noticed Duvessa
  3373 | D:5      | Reached XP level 8. HP: 61/71 MP: 8/8
  3385 | D:5      | Reached skill level 5 in Maces & Flails
  3394 | D:5      | Killed Duvessa
  3437 | D:5      | Noticed Dowan
  3463 | D:5      | Killed Dowan
  3463 | D:5      | Reached * piety under Beogh
  3612 | D:6      | Noticed cireshan's ghost (novice OpVM)
  4081 | D:7      | Reached skill level 7 in Fighting
  5070 | D:8      | Noticed George's ghost (novice DsGl)
  5134 | D:8      | Killed George's ghost
  5134 | D:8      | Reached skill level 8 in Fighting
  5134 | D:8      | Reached XP level 9. HP: 44/81 MP: 9/9
  6070 | D:8      | Reached ** piety under Beogh
  6581 | D:8      | Reached skill level 9 in Fighting
  6968 | D:9      | Reached XP level 10. HP: 74/91 MP: 10/10
  8158 | D:10     | Entered Level 10 of the Dungeon
  8168 | D:10     | Reached *** piety under Beogh
  8435 | D:10     | Noticed Sonja
  8453 | D:9      | HP: 4/91 [poisoned by Sonja]
  8454 | D:9      | Quit the game

Vault maps used:
D:1:      lemuel_arrival_hallway, nicolae_ashenzari_panopticon
D:2:      first_bread
D:4:      kennysheep_mini
D:5:      grunt_dithmenos_shadows, minmay_temple_entry_large_hall, uniq_duvessa,
          uniq_pikel
D:6:      serial_shops, nicolae_shop_waterfront, zaba_anthole
D:7:      minmay_klotski, grunt_ogre_cave
D:8:      nicolae_two_hexagons
D:9:      statuecave_lemuel
D:10:     due_lair_maze_entry_diamond, uniq_harold, uniq_sonja

Action                   |  1- 3 |  4- 6 |  7- 9 | 10-12 || total
-------------------------+-------+-------+-------+-------++-------
Melee: Flail             |   121 |   152 |   332 |   195 ||   800
       Whip              |       |       |   259 |       ||   259
Invok: Convert to Beogh  |       |     1 |       |       ||     1
 Abil: Evoke Berserk Rag |       |       |     1 |       ||     1
  Use: Scroll            |       |       |    10 |       ||    10
       Potion            |       |       |       |     4 ||     4
  Eat: Chunk             |     1 |     5 |     4 |     1 ||    11
       Pizza             |       |       |     1 |       ||     1
       Bread ration      |       |       |     2 |     1 ||     3
       Meat ration       |       |       |     2 |       ||     2
